 Dungeon Crawl Stone Soup version 0.17-a0-1850-g688e747 (webtiles) character file.

16261 kae the Grappler (level 12, -1/109 HPs)
             Began as a Demonspawn Fighter on Sept 19, 2015.
             Was the Champion of Okawaru.
             Slain by a komodo dragon (17 damage)
             ... on level 1 of the Lair of Beasts.
             The game lasted 00:14:46 (13107 turns).

kae the Grappler (Demonspawn Fighter)              Turns: 13107, Time: 00:14:46

Health: -1/109     AC: 18    Str: 19    XL:     12   Next: 8%
Magic:  0/12       EV: 14    Int: 11    God:    Okawaru [******]
Gold:   720        SH:  9    Dex: 16    Spells: 0 memorised, 11 levels left

rFire  . . .     SeeInvis .       - Unarmed
rCold  + . .     Clarity  .     C - +0 ring mail of Springtime {rPois Int+2} (curse)
rNeg   + . .     SustAt   .     s - +3 buckler
rPois  +         Gourm    .     (no helmet)
rElec  .         Spirit   +     b - +0 cloak
rCorr  .         Warding  .     F - +0 pair of gloves
rMut   .         Stasis   .     D - +2 pair of boots {Fly}
MR     .....                    e - amulet of guardian spirit
Stlth  ++........               E - ring of positive energy
                                k - +3 ring of protection

@: heroism, flying, not resistant to hostile enchantments, unstealthy
A: claws 2, rugged brown scales 3, cold resistance 1, spiny 1
a: Heroism, Finesse, Renounce Religion, Stop Flying


You were on level 1 of the Lair of Beasts.
You worshipped Okawaru.
Okawaru was exalted by your worship.
You were very hungry.

You visited 2 branches of the dungeon, and saw 13 of its levels.

You collected 1084 gold pieces.
You spent 364 gold pieces at shops.

Inventory:

Hand weapons
 p - the +9 great sword "Ugomy" {drain, rElec rC- Str-4 Int+2, unknown}
   (You found it on level 6 of the Dungeon)

   A truly terrible weapon, it drains the life of those it strikes.
   It affects your strength (-4).
   It affects your intelligence (+2).
   It makes you vulnerable to cold.
   It insulates you from electricity.
Armour
 b - a +0 cloak (worn)
 s - a +3 buckler (worn)
 C - the cursed +0 ring mail of Springtime (worn) {rPois Int+2}
   (You bought it in a shop on level 7 of the Dungeon)

   It affects your intelligence (+2).
   It protects you from poison.
   It has a curse placed upon it.
 D - a +2 pair of boots of flying (worn)
 F - a +0 pair of gloves (worn)
 K - a +1 ring mail of fire resistance
Jewellery
 e - an amulet of guardian spirit (around neck)
 k - a +3 ring of protection (left hand)
 u - an uncursed ring of stealth
 E - a ring of positive energy (right hand)
Magical devices
 J - a wand of polymorph (5)
 M - a wand of enslavement (17)
Scrolls
 a - 2 scrolls of remove curse
 c - 7 scrolls of magic mapping
 g - 2 scrolls of recharging
 i - a scroll of enchant armour
 n - 4 scrolls of enchant weapon
 r - 2 scrolls of noise
 v - 2 scrolls of amnesia
 w - a scroll of silence
 y - 4 scrolls of identify
 z - a scroll of teleportation
 B - 2 scrolls of fog
Potions
 j - a potion of heal wounds
 o - 6 potions of flight
 t - 2 potions of cancellation
 x - a potion of resistance
 A - 6 potions of curing
 G - 2 potions of poison
 H - a potion of lignification
 I - a potion of agility {unknown}
 L - a potion of might
Books
 f - a book of the Warp

   Spells                             Type                      Level
   a - Recall                         Summoning/Translocation      3
   b - Gell's Gravitas                Hexes/Translocation          3
   c - Force Lance                    Conjuration/Translocation    4
   d - Phase Shift                    Translocation                5
   e - Warp Weapon                    Charms/Translocation         5
   f - Summon Forest                  Summoning/Translocation      5
 q - a Young Poisoner's Handbook

   Spells                             Type                      Level
   a - Sting                          Conjuration/Poison           1
   b - Cure Poison                    Poison                       2
   c - Mephitic Cloud                 Conjuration/Poison/Air       3
   d - Olgreb's Toxic Radiance        Poison                       4
   e - Venom Bolt                     Conjuration/Poison           5
Comestibles
 d - 14 bread rations
 h - 6 meat rations
 l - 10 slices of pizza
 m - 4 beef jerkies


   Skills:
 + Level 11.8(16.8) Fighting
 - Level 2.6(7.6) Armour
 - Level 2.6(7.6) Shields
 - Level 14.3(19.3) Unarmed Combat


You had 11 spell levels left.
You didn't know any spells.

Dungeon Overview and Level Annotations

Branches:
Dungeon (11/15)            Temple (0/1) D:7            Lair (2/8) D:11
    Orc (0/4) D:11

Altars:
Ashenzari
Cheibriados
Dithmenos
Fedhas
Gozag
Nemelex Xobeh
Okawaru
Ru
Sif Muna
Trog
Yredelemnul
Zin
The Shining One

Shops:
D:7 }[=


Innate Abilities, Weirdness & Mutations

You have very sharp fingernails.
You are completely covered in rugged brown scales (AC +3, +7% HP).
Your flesh is cold resistant.
You are partially covered in sharp spines.


Message History

The wolf is struck by your spines. The wolf closely misses you.
Use which ability?
You gain the combat prowess of a mighty hero.
You feel slightly more hungry. You block the wolf's attack.
The wolf is struck by your spines.
You kill the wolf!
Okawaru accepts your kill.
The komodo dragon is struck by your spines.
The komodo dragon bites you!
* * * LOW HITPOINT WARNING * * *
You see here a wolf corpse.
Unknown command.
You hit the komodo dragon.
The komodo dragon is lightly wounded.
The komodo dragon completely misses you.
You hit the komodo dragon.
The komodo dragon is moderately wounded.
The komodo dragon is struck by your spines.
The komodo dragon bites you!!
You die...

#..##.....#.....'..
##.#####..#.....P..
#.######.##....P##
#..............###
#.................
##.................
#..................
##.................
##@###..P.#+##.....
#..l.>..........###
##...........#..# #
##.#.........#..# #
#P.#.........#..# #
##...........#..# #
#...........#..###
##.#.........#..##.
#P.#.###'#.#....###


You could see a komodo dragon.

Vanquished Creatures
  The ghost of Soeti the Severer, a powerful DsFi of Trog (D:11)
  A hill giant (D:11)
  2 ugly things (D:11)
  A black mamba (Lair:2)
  Joseph (D:7)
  A centaur skeleton (D:8)
  A spiny frog (Lair:1)
  The ghost of Gruud the Geomancer, an experienced DsEE of Dithmenos (D:5)
  A komodo dragon (D:11)
  3 trolls (D:11)
  A queen bee (D:11)
  2 polar bears (D:10)
  A shadow (D:11)
  A vampire (D:11)
  Eustachio (D:4)
  A basilisk (Lair:2)
  A human (D:8)
  A deep elf mage (D:11)
  11 wolves (Lair:1)
  19 yaks
  2 hungry ghosts
  The ghost of dadoka the Chiller, an average HuIE (D:3)
  A wyvern (D:9)
  A hippogriff (D:10)
  3 porcupines (Lair:1)
  7 orc warriors
  A sky beast (D:9)
  A phantom (D:9)
  4 ice beasts
  7 centaurs
  7 ogres
  6 giant frogs
  4 big kobolds
  17 killer bees
  6 crimson imps
  10 hounds
  2 giant frog zombies
  A wasp zombie (D:10)
  7 orc wizards
  4 jellies
  Crazy Yiuf (D:7)
  6 orc priests
  A quasit (D:10)
  3 giant frog skeletons
  2 iguanas
  8 worker ants
  A hound zombie (D:10)
  2 hound skeletons
  A worker ant zombie (D:5)
  9 gnolls
  11 adders
  4 shadow imps
  An ooze (D:2)
  3 worms
  An adder skeleton (D:8)
  6 giant geckos
  33 orcs
  9 bats
  7 giant cockroaches
  10 goblins
  16 hobgoblins
  7 jackals
  28 kobolds
  7 quokkas
  A ball python (D:8)
  A ball python skeleton (D:4)
  5 giant newts
  A jackal skeleton (D:4)
  A jackal zombie (D:8)
  A quokka skeleton (D:5)
  A quokka zombie (D:8)
  5 rats
337 creatures vanquished.

Vanquished Creatures (others)
  A plant (D:11)
1 creature vanquished.

Grand Total: 338 creatures vanquished

Notes
Turn   | Place    | Note
--------------------------------------------------------------
     0 | D:1      | kae the Demonspawn Fighter began the quest for the Orb.
     0 | D:1      | Reached XP level 1. HP: 18/18 MP: 1/1
   419 | D:1      | Gained mutation: You are partially covered in rugged brown scales (AC +1, +3% HP). [demonic ancestry]
   419 | D:1      | Reached XP level 2. HP: 16/24 MP: 2/2
  1230 | D:2      | Reached XP level 3. HP: 26/29 MP: 3/3
  1355 | D:2      | Found a snail-covered altar of Cheibriados.
  2315 | D:2      | Found a sacrificial altar of Ru.
  2322 | D:2      | Found a glowing golden altar of the Shining One.
  2322 | D:2      | Found a deep blue altar of Sif Muna.
  2332 | D:2      | Found a blossoming altar of Fedhas.
  2335 | D:2      | Found a basalt altar of Yredelemnul.
  2483 | D:3      | Noticed dadoka's ghost (average HuIE)
  2493 | D:3      | Killed dadoka's ghost
  2493 | D:3      | Reached skill level 5 in Unarmed Combat
  2493 | D:3      | Gained mutation: You are mostly covered in rugged brown scales (AC +2, +5% HP). [demonic ancestry]
  2493 | D:3      | Reached XP level 4. HP: 11/36 MP: 4/4
  2493 | D:3      | Gained mutation: You have sharp fingernails. [demonic ancestry]
  2493 | D:3      | Reached XP level 5. HP: 13/43 MP: 5/5
  2937 | D:3      | Found an iron altar of Okawaru.
  2948 | D:3      | Became a worshipper of Warmaster Okawaru
  3721 | D:4      | Found a glowing silver altar of Zin.
  3742 | D:4      | Noticed Eustachio
  3860 | D:3      | Reached XP level 6. HP: 49/49 MP: 6/6
  3875 | D:4      | Reached skill level 6 in Unarmed Combat
  3961 | D:4      | Found a shadowy altar of Dithmenos.
  4034 | D:4      | Noticed an ogre
  4047 | D:4      | Killed an ogre
  4288 | D:4      | Found an opulent altar of Gozag.
  4290 | D:4      | Found an iron altar of Okawaru.
  4416 | D:4      | Acquired Okawaru's first power
  5053 | D:4      | Killed Eustachio
  5053 | D:4      | Reached skill level 7 in Unarmed Combat
  5053 | D:4      | Gained mutation: You are partially covered in sharp spines. [demonic ancestry]
  5053 | D:4      | Reached XP level 7. HP: 44/54 MP: 5/7
  5163 | D:5      | Entered Level 5 of the Dungeon
  5205 | D:5      | Found a sacrificial altar of Ru.
  5428 | D:5      | Found a sparkling altar of Nemelex Xobeh.
  5444 | D:5      | Noticed Gruud's ghost (experienced DsEE)
  5474 | D:5      | Killed Gruud's ghost
  5474 | D:5      | Reached skill level 8 in Unarmed Combat
  5731 | D:5      | Reached XP level 8. HP: 56/60 MP: 8/8
  5876 | D:5      | Reached skill level 9 in Unarmed Combat
  6785 | D:6      | Got an ancient great sword
  6914 | D:6      | Reached skill level 10 in Unarmed Combat
  7094 | D:6      | Found a shattered altar of Ashenzari.
  7103 | D:6      | You fall through a shaft!
  7237 | D:7      | Found Warae's Antique Armour Shoppe.
  7243 | D:7      | Bought a jewelled ring mail for 243 gold pieces
  7243 | D:7      | Bought a pair of runed boots for 121 gold pieces
  7258 | D:7      | Identified the cursed +0 ring mail of Springtime {rPois Int+2} (You bought it in a shop on level 7 of the Dungeon)
  7374 | D:7      | Noticed Crazy Yiuf
  7381 | D:7      | Paralysed by Crazy Yiuf for 2 turns
  7388 | D:7      | Killed Crazy Yiuf
  7388 | D:7      | Reached XP level 9. HP: 66/66 MP: 9/9
  7529 | D:7      | Found Muvaqaih's Jewellery Emporium.
  7539 | D:7      | Found a staircase to the Ecumenical Temple.
  7647 | D:7      | Found Voph's Gadget Emporium.
  7657 | D:7      | Reached skill level 11 in Unarmed Combat
  7699 | D:7      | Noticed Joseph
  7711 | D:7      | Killed Joseph
  8031 | D:8      | Noticed a centaur skeleton
  8039 | D:8      | Killed a centaur skeleton
  8039 | D:8      | Reached skill level 12 in Unarmed Combat
  8703 | D:9      | Gained mutation: Your flesh is cold resistant. [demonic ancestry]
  8703 | D:9      | Reached XP level 10. HP: 73/73 MP: 10/10
  8753 | D:9      | Reached skill level 13 in Unarmed Combat
  8788 | D:9      | Acquired Okawaru's second power
  8963 | D:9      | Found a sparkling altar of Nemelex Xobeh.
  9390 | D:10     | Entered Level 10 of the Dungeon
  9587 | D:10     | Found a bloodstained altar of Trog.
  9602 | D:10     | Reached skill level 14 in Unarmed Combat
 10261 | D:11     | Found a staircase to the Lair.
 10266 | D:11     | Reached skill level 5 in Fighting
 10302 | D:11     | Gained mutation: You have very sharp fingernails. [demonic ancestry]
 10302 | D:11     | Reached XP level 11. HP: 51/85 MP: 8/11
 10496 | D:11     | Noticed Soeti's ghost (powerful DsFi)
 10525 | D:11     | Killed Soeti's ghost
 10676 | D:11     | Noticed a hill giant
 10683 | D:11     | Killed a hill giant
 10752 | D:11     | Noticed a cyan ugly thing
 10761 | D:11     | Killed a cyan ugly thing
 11306 | D:11     | Received a gift from Okawaru
 11491 | D:11     | Found a staircase to the Orcish Mines.
 11989 | Lair:1   | Entered Level 1 of the Lair of Beasts
 12122 | Lair:1   | Reached skill level 10 in Fighting
 12592 | Lair:1   | Gained mutation: You are completely covered in rugged brown scales (AC +3, +7% HP). [demonic ancestry]
 12592 | Lair:1   | Reached XP level 12. HP: 50/107 MP: 6/12
 13107 | Lair:1   | Slain by a komodo dragon

Vault maps used:
D:1:      dpeg_arrival_tiny_f, minmay_misc_feat_pillars, kennysheep_small_spiral
D:2:      minmay_overflow_temple_star_hex, cheibriados_altar_1
D:3:      first_bread, okawaru_gym_becter
D:4:      nicolae_overflow_crystal_walls, grunt_dithmenos_smoke,
          nicolae_overflow_hidden_temple, uniq_eustachio
D:5:      kennysheep_big_flooded_room, basic_altar,
          nemelex_xobeh_ov_fountains_minmay
D:6:      corexii_shantytown, lemuel_round_altar
D:7:      minmay_temple_entry_statues_fountains, serial_shops,
          nicolae_shop_behind_doors, nicolae_shop_competitors_out_of_business,
          shop, uniq_crazy_yiuf_cottage, uniq_joseph
D:8:      grunt_pizzeria
D:9:      kennysheep_mini_moat
D:10:     trog_ov_bears_minmay
D:11:     david_lair_shrubbed, david_orc_4, nicolae_looking_at_the_future
Lair:1:   beast_lair_carwin_11
Lair:2:   grunt_megastairs_2, uniq_harold

Action                   |  1- 3 |  4- 6 |  7- 9 | 10-12 || total
-------------------------+-------+-------+-------+-------++-------
Melee: Unarmed           |   196 |   224 |   321 |   575 ||  1316
Invok: Heroism           |       |       |       |    11 ||    11
  Use: Potion            |     1 |     1 |     2 |     1 ||     5
       Scroll            |       |     9 |     5 |     4 ||    18
 Stab: Sleeping          |       |       |     6 |       ||     6
       Distracted        |       |       |     1 |     1 ||     2
  Eat: Chunk             |     3 |     7 |    14 |    13 ||    37
       Beef jerky        |       |     1 |     1 |     1 ||     3
